 Dungeon Crawl Stone Soup version 0.23-a0-451-g1044d4c (webtiles) character file.

466 galech the Chopper (level 6, -2/48 HPs)
             Began as a Demonspawn Fighter on Nov 22, 2018.
             Was an Initiate of Okawaru.
             Slain by an orc warrior
             ... wielding a cursed -3 dire flail
              (20 damage)
             ... on level 4 of the Dungeon.
             The game lasted 00:05:25 (4272 turns).

galech the Chopper (Demonspawn Fighter)             Turns: 4272, Time: 00:05:26

Health: -2/48      AC: 10    Str: 16    XL:     6   Next: 81%
Magic:  6/6        EV:  7    Int: 10    God:    Okawaru [......]
Gold:   156        SH:  9    Dex: 14    Spells: 5/5 levels left

rFire    . . .     SeeInvis .   a - +0 war axe
rCold    . . .     Gourm    .   c - +0 shield
rNeg     . . .     Faith    .   p - +0 chain mail
rPois    .         Spirit   .   o - +0 helmet
rElec    .         Reflect  .   (no cloak)
rCorr    .         Harm     .   (no gloves)
MR       .....                  (no boots)
Stlth    ..........             (no amulet)
HPRegen  0.16/turn              r - -2 ring of evasion (curse)
MPRegen  0.10/turn              m - +5 ring of evasion

@: no status effects
A: hooves 1, spiny 1, rot immunity
a: Renounce Religion


You were on level 4 of the Dungeon.
You worshipped Okawaru.
Okawaru was noncommittal.
You were not hungry.

You visited 2 branches of the dungeon, and saw 6 of its levels.

You collected 156 gold pieces.

Inventory:

Hand Weapons
 a - a +0 war axe (weapon)
Armour
 c - a +0 shield (worn)
 o - a +0 helmet (worn)
 p - a +0 chain mail (worn)
Jewellery
 l - an uncursed ring of stealth
 m - a +5 ring of evasion (right hand)
 r - a cursed -2 ring of evasion (left hand)
Wands
 n - a wand of scattershot (4)
 t - a wand of disintegration (13)
Scrolls
 b - a scroll of immolation {unknown}
 e - a scroll of random uselessness {unknown}
 g - a scroll of teleportation {unknown}
 h - 2 scrolls of blinking
 i - a scroll of enchant armour
 j - a scroll of fear
 k - 2 scrolls of enchant weapon
 s - a scroll of fog {unknown}
Potions
 d - a potion of invisibility {unknown}
 q - a potion of magic {unknown}
Comestibles
 f - 9 rations
 u - 6 chunks of flesh


   Skills:
 + Level 3.8 Fighting
 + Level 4.6 Axes
 + Level 3.8 Armour
 + Level 0.3 Dodging
 + Level 4.2 Shields


You had 5 spell levels left.
You didn't know any spells.
Your spell library contained the following spells:

 Spells                   Type           Power        Failure   Level  Hunger
 Animate Skeleton         Necr           N/A          100%        1    ##.....
 Apportation              Tloc           #.....       100%        1    ##.....
 Confusing Touch          Hex            #.....       100%        1    ##.....
 Summon Small Mammal      Summ           #...         100%        1    ##.....


Dungeon Overview and Level Annotations

Branches:
Dungeon (5/15)             Temple (1/1) D:4

Altars:
Cheibriados
Dithmenos
Fedhas
Gozag
Kikubaaqudgha
Makhleb
Nemelex Xobeh
Okawaru
Qazlal
Sif Muna
Uskayaw
Vehumet
Wu Jian
Xom
The Shining One

Annotations:
D:5 Grinder


Innate Abilities, Weirdness & Mutations

You have large cloven feet.
You are partially covered in sharp spines.
You are immune to rotting.


Message History

Items here: ) [ รทรท a +0 leather armour; a +0 trident; an orc skeleton; an iguana skeleton You hit the orc warrior.
The orc warrior is lightly wounded.
You block the orc warrior's attack.
You barely miss the orc warrior. Your kick misses the orc warrior.
The orc warrior is lightly wounded.
You block the orc warrior's attack.
You barely miss the orc warrior.
You kick the orc warrior, but do no damage.
The orc warrior is lightly wounded.
The orc warrior barely misses you.
The orc warrior hits you with a cursed -3 dire flail.
You hit the orc warrior. Your kick misses the orc warrior.
The orc warrior is lightly wounded.
You block the orc warrior's attack.
You hit the orc warrior.
The orc warrior is lightly wounded.
The orc warrior hits you with a cursed -3 dire flail!!
You die...

.# #.# #.# #.[>##############.#
.# #.# #.####.#[# #....#.# .# #.#
#......#.# #.##.#.# .# #.#
########.# #.##.#.# .# #.# #.#
#.##.#.# ## #.# #.# #.#..... #.#
#o# #.####.. #.# #o# #.# #..
####.# #@# #.####..
...#.###########.# #.#.....
.....#......(....#########.#.#...
##.#.#.#########..(......#.#.#...
##.#....#.....##.#######.#.#.#...
........#.###.##.# #.#.#.#...
##..###.#.# #.##.# #)#.#.....
##......#.# #.##.# #<#.#.....
###.......# #.##.#########.#...#.


You could see an orc warrior and an orc.

Vanquished Creatures
  A hound (D:4)
  2 iguanas (D:4)
  2 orc wizards (D:4)
  3 worker ants (D:4)
  Robin (D:3)
  4 gnolls
  8 adders
  2 oozes
  An adder skeleton (D:4)
  5 worms
  3 dart slugs
  3 leopard geckos
  11 orcs
  2 ball pythons
  4 bats
  6 giant cockroaches
  15 goblins
  11 hobgoblins
  4 jackals (D:3)
  5 kobolds
  A quokka (D:3)
  5 frilled lizards
  A quokka skeleton (D:4)
  8 rats
108 creatures vanquished.

Notes
Turn   | Place    | Note
-------+----------+-------------------------------------------
     0 | D:1      | galech the Demonspawn Fighter began the quest for the Orb.
     0 | D:1      | Reached XP level 1. HP: 18/18 MP: 1/1
    51 | D:1      | Gained mutation: You are immune to rotting. [demonic
                  | ancestry]
    51 | D:1      | Reached XP level 2. HP: 16/24 MP: 2/2
   400 | D:1      | Gained mutation: You have large cloven feet. [demonic
                  | ancestry]
   400 | D:1      | Reached XP level 3. HP: 26/29 MP: 3/3
  1640 | D:3      | Reached XP level 4. HP: 35/35 MP: 4/4
  1966 | D:3      | Found a shimmering altar of Xom.
  1973 | D:3      | Found a shimmering altar of Xom.
  1974 | D:3      | Found a shimmering altar of Xom.
  1976 | D:3      | Found a shimmering altar of Xom.
  1992 | D:3      | Noticed Grinder
  2002 | D:3      | Paralysed by Grinder for 2 turns
  2327 | D:3      | Noticed Robin
  2337 | D:3      | Killed Robin
  2337 | D:3      | Reached XP level 5. HP: 28/41 MP: 5/5
  2744 | D:4      | Found a staircase to the Ecumenical Temple.
  2759 | Temple   | Entered the Ecumenical Temple
  2810 | Temple   | Became a worshipper of Warmaster Okawaru
  3395 | D:4      | Gained mutation: You are partially covered in sharp spines.
                  | [demonic ancestry]
  3395 | D:4      | Reached XP level 6. HP: 44/48 MP: 6/6
  3813 | D:4      | Found a radiant altar of Vehumet.
  3814 | D:4      | Found an ornate altar of the Wu Jian Council.
  3879 | D:5      | Entered Level 5 of the Dungeon
  4129 | D:5      | Noticed an orc warrior
  4272 | D:4      | Slain by an orc warrior

Vault maps used:
D:1:      dpeg_arrival_court
D:3:      xom_redecorated, first_ration, uniq_robin, uniq_grinder
D:4:      gammafunk_temple_overflow_pools, minmay_temple_entry_sparse_star
D:5:      minmay_circle_x
Temple:   regret_index_temple_mists

Skill      XL: |  1  2  3  4  5  6 |
---------------+-------------------+-----
Shields        | 3 4 |  4.2
Axes           | 2 3 4 |  4.6
Armour         | 3 |  3.8
Fighting       | |  3.8
Dodging        | |  0.3

Action                   |  1- 3 |  4- 6 || total
-------------------------+-------+-------++-------
Melee: War axe           |   116 |   231 ||   347
       Kick              |    17 |    54 ||    71
  Use: Potion            |     2 |     2 ||     4
       Scroll            |       |     4 ||     4
  Eat: Chunk             |     2 |     9 ||    11
Armor: Scale mail        |    40 |       ||    40
       Chain mail        |       |   112 ||   112
Dodge: Dodged            |    30 |    83 ||   113
Block: Shield            |    56 |   150 ||   206

Table legend:
 A = Non-vault XP
 B = Vault XP
 C = Vault XP percentage of total XP
 D = Non-vault monster count
 E = Vault monster count
 F = Vault count percentage of total count
                 A         B        C        D         E       F
            +---------+---------+-------+---------+---------+-------
      Total |     630 |      37 |   5.5 |      95 |      13 |  12.0
            +---------+---------+-------+---------+---------+-------
        D:1 |      52 |       0 |   0.0 |      25 |       0 |   0.0
        D:2 |      54 |       4 |   6.9 |      18 |       2 |  10.0
        D:3 |      92 |      33 |  26.4 |      22 |      11 |  33.3
        D:4 |     426 |       0 |   0.0 |      28 |       0 |   0.0
        D:5 |       6 |       0 |   0.0 |       2 |       0 |   0.0
            +---------+---------+-------+---------+---------+-------
